 Dungeon Crawl Stone Soup version 0.31-a0-940-gdaa99269f9 (webtiles) character file.

Game seed: 841002297598036375

424 lunkers the Ruffian (level 7, -1/52 HPs)
             Began as a Meteoran Shapeshifter on Oct 20, 2023.
             Was an Initiate of Gozag.
             Slain by an iguana (8 damage)
             ... on level 4 of the Dungeon.
             The game lasted 00:05:24 (1221 turns).

lunkers the Ruffian (Meteoran Shapeshifter)         Turns: 1221, Time: 00:05:24

Health: -1/52      AC:  5    Str: 16    XL:     7   Next: 41%
Magic:  8/8        EV: 11    Int: 12    God:    Gozag
Gold:   63         SH:  0    Dex: 15    Spells: 6/6 levels left

rFire   . .          .
                       - Unarmed
rCold   . . .        (no shield)
rNeg    . . .        h - +0 ring mail
rPois   .            (helmet currently unavailable)
rElec   .            (cloak currently unavailable)
rCorr   .            (gloves currently unavailable)
SInv    .            (boots currently unavailable)
Will    .....        (no amulet)
Stlth   +            (no ring)
HPRegen 0.28/turn    (no ring)
MPRegen 0.11/turn

%: no passive effects
@: beast-form, gold aura, glowing
A: beast (slay +3), sense surroundings 1, otherworldly, glowing, explore regen
a: Begin Untransformation, Renounce Religion, Potion Petition, Call Merchant,
Bribe Branch


You were on level 4 of the Dungeon.
You worshipped Gozag.
Gozag was noncommittal.
You were a hulking beast.
You visited 1 branch of the dungeon, and saw 4 of its levels.

You collected 111 gold pieces.
You paid 48 gold pieces to Gozag.

Inventory:

Armour
 a - a +0 animal skin
 h - a +0 ring mail (worn)
Jewellery
 g - an amulet of the acrobat
Talismans
 c - a beast talisman (active)
 d - a flux talisman
Scrolls
 f - 3 scrolls of blinking {unknown}
 j - a scroll of summoning {unknown}
 m - a scroll of torment {unknown}
Potions
 b - a potion of heal wounds {unknown}
 e - a potion of curing {unknown}
 i - a potion of brilliance {unknown}
 k - 3 potions of haste {unknown}
 l - a potion of invisibility {unknown}


   Skills:
 + Level 1.6 Fighting
 + Level 2.5 Dodging
 * Level 7.5 Unarmed Combat
 + Level 5.5 Shapeshifting


You had 6 spell levels left.
You didn't know any spells.
Your spell library was empty.

Dungeon Overview and Level Annotations

Branches:
Dungeon (4/15) Zot: 1194
 Temple: D:4-7

Altars:
Gozag
Qazlal
Ru
Zin


Innate Abilities, Weirdness & Mutations

You are a hulking beast.
Your limbs bulge with bestial killing power. (Slay +3)
You passively map a small area around you.
You are easily found by Zot.
You glow in the dark.
You regain HP and MP as you explore.


Message History

You hit the iguana but do no damage.
The iguana is lightly wounded.
The gnoll is no longer distracted by gold.
The howler monkey hoots and howls with incredible vigour!
A gnoll comes into view. It is wielding a +0 club.
The iguana bites you!
* * * LOW HITPOINT WARNING * * *
You hear an angry hiss.
You hear a shout! x2
The gnoll attacks as it pursues you! The gnoll barely misses you.
Found a book of Blood.
The gnoll attacks as it pursues you! The gnoll hits you with a +0 club.
* * * LOW HITPOINT WARNING * * *
The iguana is distracted by your dazzling golden aura.
The iguana hisses angrily.
You punch the gnoll!
The gnoll is almost dead.
The gnoll hits you with a +0 club!
* * * LOW HITPOINT WARNING * * *
You hit the gnoll.
You kill the gnoll!
Unknown command.
The iguana is no longer distracted by gold.
A ball python comes into view.
The howler monkey hoots and howls with incredible vigour!
The iguana closely misses you.
A gnoll comes into view. It is wielding a +0 whip.
The ball python hisses angrily.
You hear a shout!
You hear an angry hiss. x2
You hear a shout! x3; You hear a bark!
Things that are here:
7 gold pieces; a +0 club The iguana attacks as it pursues you!
The iguana closely misses you.
Okay, then.
You closely miss the iguana.
The iguana is lightly wounded.
Unknown command.
You punch the iguana!
The iguana is severely wounded.
The iguana bites you!
You die...
Your body crumbles into a pile of gold.

,. #....##............)...
,
<.##.##.##.........g..##..
...................$......
,
#.......<.......S.=.#....
##.....##......g.#..# , .
##...######.)...#..# #..#
* *#..g........ #.. , _
#hl#......... , #.,+
#.h#.......... ## ,
*#..........#.. ****
*##..#......#, ##.#...#...
, #.....###. :...... *
#.., # ...** *


You could see a howler monkey, an iguana, 3 gnolls and a ball python.

Vanquished Creatures
  Sigmund (D:2)
  A water moccasin (D:4)
  A scorpion (D:4)
  A gnoll (D:4)
  5 adders
  2 dart slugs (D:2)
  An orc (D:4)
  An endoplasm (D:1)
  2 giant cockroaches
  5 goblins
  3 hobgoblins
  3 jackals (D:1)
  A quokka (D:1)
  A ball python (D:3)
  6 bats
  2 frilled lizards
  6 kobolds
  5 rats
47 creatures vanquished.

Notes
Turn   | Place    | Note
-------+----------+-------------------------------------------
     0 | D:1      | lunkers the Meteoran Shapeshifter began the quest for the
                  | Orb.
     0 | D:1      | Reached XP level 1. HP: 16/16 MP: 2/2
   206 | D:1      | Reached XP level 2. HP: 18/23 MP: 3/3
   210 | D:1      | Reached skill level 4 in Unarmed Combat
   372 | D:2      | Reached XP level 3. HP: 28/28 MP: 4/4
   496 | D:2      | Reached XP level 4. HP: 24/35 MP: 5/5
   575 | D:2      | Reached skill level 5 in Unarmed Combat
   742 | D:2      | Noticed Sigmund
   751 | D:2      | Killed Sigmund
   752 | D:2      | Reached skill level 6 in Unarmed Combat
   752 | D:2      | Reached skill level 5 in Shapeshifting
   752 | D:2      | Reached XP level 5. HP: 39/40 MP: 6/6
   752 | D:2      | Reached XP level 6. HP: 46/47 MP: 7/7
   998 | D:3      | Found an opulent altar of Gozag.
  1018 | D:3      | Became a worshipper of Gozag Ym Sagoz the Greedy
  1110 | D:3      | Found a sacrificial altar of Ru.
  1112 | D:3      | Found a glowing silver altar of Zin.
  1160 | D:3      | Found a stormy altar of Qazlal.
  1171 | D:4      | Reached skill level 7 in Unarmed Combat
  1171 | D:4      | Reached XP level 7. HP: 19/52 MP: 8/8
  1171 | D:4      | Noticed a water moccasin
  1183 | D:4      | HP: 1/52 [water moccasin (8)]
  1184 | D:4      | Killed a water moccasin
  1221 | D:4      | Slain by an iguana

Illustrated notes

Levels and vault maps discovered:
D:1:      nzn_arrival_depleted_hourglass, layout_basic
D:2:      layout_basic, uniq_sigmund
D:3:      layout_basic, zin_scriptorium,
          nicolae_gozag_cash_rules_everything_around_me,
          mainiacjoe_overflow_catwalk_spiral
D:4:      layout_cave_pools, gammafunk_temple_overflow_statue,
          minmay_temple_entry_stoned_glass

Skill      XL: |  1  2  3  4  5  6 |
---------------+-------------------+-----
Unarmed Combat | 4 6 7 |  7.5
Shapeshifting  | 4 5 |  5.5
Fighting       | |  1.6
Dodging        | |  2.5

Action                     |  1- 3 |  4- 6 |  7- 9 || total
---------------------------+-------+-------+-------++-------
  Melee: Unarmed           |    82 |    62 |    20 ||   164
         Punch             |     1 |     1 |       ||     2
    Use: Potion            |       |     1 |       ||     1
   Stab: Distracted        |       |       |     1 ||     1
 Armour: Ring mail         |    51 |    33 |    13 ||    97
         Skin              |       |     1 |       ||     1
  Dodge: Dodged            |    51 |    28 |     8 ||    87

Table legend: (Time is in decaauts)
 A = Elapsed time spent in this place.
 B = Non-inter-level travel time spent in this place.
 C = Inter-level travel time spent in this place.
 D = Time resting spent in this place.
 E = Time spent auto-exploring this place.
 F = Levels seen in this place.
 G = Mean time per level.
                   A        B        C        D        E       F      G
               +--------+--------+--------+--------+--------+-----+--------+
         Total |   1204 |   1204 |      0 |     32 |    774 |   4 |  301.0 |
       Dungeon |   1204 |   1204 |      0 |     32 |    774 |   4 |  301.0 |
               +--------+--------+--------+--------+--------+-----+--------+

Top non-repeatable levels by time:
     D:2: 478 daAuts
     D:3: 349 daAuts
     D:1: 321 daAuts
     D:4: 55 daAuts
